 Dungeon Sprint DCSS version 0.29.1-2-gbd0b4ee654 (webtiles) character file.

Game seed: 2935628001731655011

1267 Groucho the Covert (level 8, -7/43 HPs)
             Began as a Spriggan Enchanter on Nov 17, 2022.
             Was an Initiate of Gozag.
             Killed by divine providence
             ... invoked by an orc high priest
              (14 damage)
             ... in the Dungeon (Sprint VII: "The Pits").
             The game lasted 00:04:59 (793 turns).

Groucho the Covert (Spriggan Enchanter)              Turns: 793, Time: 00:04:59

Health: -7/43      AC:  2    Str:  6    XL:     8   Next: 27%
Magic:  15/22      EV: 25    Int: 20    God:    Gozag
Gold:   1422       SH:  0    Dex: 15    Spells: 14/25 levels left

rFire   . . .      SeeInvis +   r - +2 rapier (distort)
rCold   . . .      Faith    .   (no shield)
rNeg    . . .      Spirit   .   b - +0 robe
rPois   .          Reflect  .   (helmet restricted)
rElec   .          Harm     .   (no cloak)
rCorr   .          Rampage  .   (gloves unavailable)
Will    +....      NoTele   +   (boots unavailable)
Stlth   +++++.....              (no amulet)
HPRegen 0.14/turn               p - +3 ring of intelligence
MPRegen 0.18/turn               q - +3 ring of evasion

@: very quick
A: very small, no large weapons, unfitting armour, see invisible, speed 3
a: Renounce Religion, Potion Petition, Call Merchant, Bribe Branch


You were in the Dungeon.
You worshipped Gozag.
Gozag was most pleased with you.
You visited 1 branch You collected 1422 gold pieces.

Inventory:

Hand Weapons
 a - a +2 dagger
 n - a +0 shortbow
 r - a +2 rapier of distortion (weapon)
Missiles
 j - 9 stones (quivered)
Armour
 b - a +0 robe (worn)
Jewellery
 p - a +3 ring of intelligence (left hand)
 q - a +3 ring of evasion (right hand)
Wands
 o - a wand of digging (7)
Scrolls
 k - 5 scrolls of amnesia
 l - a scroll of summoning
 m - 2 scrolls of vulnerability
Potions
 c - 3 potions of invisibility
 d - 7 potions of curing
 e - 2 potions of heal wounds
 f - 2 potions of haste
 g - 4 potions of magic
 h - 3 potions of berserk rage
 s - 2 potions of resistance
 t - a potion of mutation


   Skills:
 + Level 5.1 Fighting
 * Level 7.1 Short Blades
 + Level 8.8 Dodging
 + Level 13.4 Stealth
 + Level 9.3 Spellcasting
 * Level 12.1 Hexes


You had 14 spell levels left.
You knew the following spells:

 Your Spells              Type           Power      Damage    Failure   Level
a - Ensorcelled Hibernat  Hex/Ice        66%        N/A       1%          2
b - Confusing Touch       Hex            55%        N/A       1%          3
c - Dazzling Flash        Conj/Hex       66%        N/A       1%          3
d - Tukima's Dance        Hex            55%        N/A       1%          3

Your spell library contained the following spells:

 Spells                   Type           Power      Damage    Failure   Level


Dungeon Overview and Level Annotations

Branches:
Dungeon (1/1)

Altars:
Ashenzari
Cheibriados
Dithmenos
Elyvilon
Fedhas
Gozag
Hepliaklqana
Kikubaaqudgha
Makhleb
Nemelex Xobeh
Okawaru
Qazlal
Ru
Sif Muna
Trog
Uskayaw
Vehumet
Wu Jian
Xom
Yredelemnul
Zin
The Shining One
Jiyva
Lugonu


Innate Abilities, Weirdness & Mutations

You are very small and have problems with some larger weapons.
You are too small for most types of armour.
You have supernaturally acute eyesight. (SInv)
You cover ground extremely quickly. (Speed+++)


Message History

Unknown command.
Blink to where?
Press: ? - help, Dir - move target, p - orc high priest
As you read the scroll of blinking, it crumbles to dust.
You are covered in liquid flames!
* * * LOW HITPOINT WARNING * * *
The orc high priest utters an invocation to Beogh.
The smoke demon gestures at you. The sticky flame hits you.
You are covered in liquid flames!
* * * LOW HITPOINT WARNING * * *
Unknown command.
You feel much better.
You are covered in liquid flames!
The smoke demon disappears in a puff of smoke!
The orc is no longer distracted by gold.
The crimson imp is no longer distracted by gold.
The orc high priest hits you from afar with a +0 halberd!
* * * LOW HITPOINT WARNING * * *
The ice devil completely misses you.
You feel much better.
You are covered in liquid flames!
The sixfirhy hits you. The sixfirhy shocks you!
The sixfirhy closely misses you. x2
The orc high priest mumbles some strange prayers to Beogh against you.
Beogh smites you!
* * * LOW HITPOINT WARNING * * *
The ice devil closely misses you. The smoke demon completely misses you.
The smoke demon closely misses you. The smoke demon hits you.
* * * LOW HITPOINT WARNING * * *
You feel much better.
You are covered in liquid flames!
The sixfirhy completely misses you. The sixfirhy closely misses you.
The sixfirhy hits you. The sixfirhy shocks you!
* * * LOW HITPOINT WARNING * * *
The sixfirhy misses you.
The orc high priest invokes the aid of Beogh against you.
Beogh smites you!
You die...
Your body crumbles into a pile of gold.

)).##......#..#......#
##.##................+
...)'................+
#####......#..#......#
)'.##................#
.#.#####'#####''#####
##.##.......##''#
.#)##.......##..##
.'.##.......##.4@##
#####...<...###.33##+##.
))[##.......# ##oS......
))[##.......# #oo###+###
#####.......##.o##
#.)###########..'
#.############..##
#.#....#..[[###..
#'#....#..[[# ##.


You could see a sea snake, an orc high priest, an ice devil (summoned), a
sixfirhy (summoned), a smoke demon (summoned) and 3 orcs.

Vanquished Creatures
  A shadow wraith (D)
  A flying skull (D)
  A water moccasin (D)
  2 orc warriors (D)
  A centaur (D)
  A necrophage (D)
  A jelly (D)
  Ijyb (D)
  An iguana (D)
  2 gnolls (D)
  An adder (D)
  An ufetubus (D)
  A worm (D)
  An orc (D)
  A ball python (D)
  A bat zombie (D)
  A hobgoblin (D)
  4 jackals (D)
  A ball python zombie (D)
  A giant cockroach zombie (D)
  A goblin (D)
  A kobold (D)
  A quokka skeleton (D)
  A rat (D)
29 creatures vanquished.

Notes
Turn   | Place    | Note
-------+----------+-------------------------------------------
     0 | D        | Groucho the Spriggan Enchanter began the quest for the Orb.
     0 | D        | Reached XP level 1. HP: 9/9 MP: 5/5
    13 | D        | Reached skill level 6 in Stealth
    13 | D        | Reached XP level 2. HP: 13/13 MP: 5/7
    46 | D        | Learned a level 2 spell: Ensorcelled Hibernation
    75 | D        | Found a bloodstained altar of Trog.
    75 | D        | Found a shimmering blue altar of Sif Muna.
    75 | D        | Found a viscous altar of Jiyva.
    75 | D        | Found a hazy altar of Hepliaklqana.
    75 | D        | Found an opulent altar of Gozag.
    76 | D        | Found a glowing golden altar of the Shining One.
    76 | D        | Found a glowing silver altar of Zin.
    76 | D        | Found a basalt altar of Yredelemnul.
    76 | D        | Found a shimmering altar of Xom.
    76 | D        | Found an ornate altar of the Wu Jian Council.
    76 | D        | Found a sacrificial altar of Ru.
    76 | D        | Found a stormy altar of Qazlal.
    76 | D        | Found an iron altar of Okawaru.
    76 | D        | Found a sparkling altar of Nemelex Xobeh.
    76 | D        | Found a burning altar of Makhleb.
    76 | D        | Found a blossoming altar of Fedhas.
    76 | D        | Found a white marble altar of Elyvilon.
    76 | D        | Found a shadowy altar of Dithmenos.
    76 | D        | Found a snail-covered altar of Cheibriados.
    78 | D        | Found a radiant altar of Vehumet.
    78 | D        | Found a corrupted altar of Lugonu.
    79 | D        | Found an ancient bone altar of Kikubaaqudgha.
    79 | D        | Found a hide-covered altar of Uskayaw.
    79 | D        | Found a broken altar of Ashenzari.
    92 | D        | Became a worshipper of Gozag Ym Sagoz the Greedy
   107 | D        | Reached skill level 7 in Stealth
   174 | D        | Reached skill level 5 in Hexes
   395 | D        | Reached skill level 8 in Stealth
   395 | D        | Reached XP level 3. HP: 12/16 MP: 10/10
   398 | D        | Reached skill level 9 in Stealth
   398 | D        | Reached skill level 5 in Spellcasting
   417 | D        | Reached XP level 4. HP: 15/21 MP: 12/12
   419 | D        | Noticed a centaur
   421 | D        | Killed a centaur
   422 | D        | Reached skill level 1 in Fighting
   422 | D        | Reached skill level 10 in Stealth
   422 | D        | Reached XP level 5. HP: 19/26 MP: 12/14
   428 | D        | Noticed a flying skull
   428 | D        | Noticed Ijyb
   431 | D        | Reached skill level 5 in Dodging
   434 | D        | Killed a flying skull
   435 | D        | Reached skill level 5 in Short Blades
   435 | D        | Reached skill level 11 in Stealth
   435 | D        | Reached XP level 6. HP: 24/32 MP: 13/17
   435 | D        | Killed Ijyb
   439 | D        | Noticed a shadow wraith
   440 | D        | Noticed a water moccasin
   523 | D        | Learned a level 3 spell: Confusing Touch
   527 | D        | Learned a level 3 spell: Dazzling Flash
   531 | D        | Learned a level 3 spell: Tukima's Dance
   541 | D        | Killed a water moccasin
   542 | D        | Reached skill level 12 in Stealth
   542 | D        | Reached skill level 10 in Hexes
   542 | D        | Reached XP level 7. HP: 31/37 MP: 13/19
   619 | D        | Killed a shadow wraith
   620 | D        | Reached skill level 13 in Stealth
   620 | D        | Reached XP level 8. HP: 27/42 MP: 17/22
   780 | D        | Reached skill level 5 in Fighting
   780 | D        | Noticed an orc high priest
   780 | D        | Noticed a sea snake
   785 | D        | Noticed a smoke demon
   785 | D        | Noticed a smoke demon
   787 | D        | Noticed a hornet
   791 | D        | Noticed a sixfirhy
   791 | D        | Noticed an ice devil
   793 | D        | Killed from afar by an orc high priest

Illustrated notes

Levels and vault maps discovered:
D:        pitsprint [storerooms_1, entrance_room_1, metal_vault_5, armoury_2,
          mini_pit_1, grid_room_1, main_hall_1, silver_pit, the_coven_1,
          the_vestibule_1, steel_vault_3, golden_pit, hallway_of_sentries,
          crystal_vault_4, iron_vault_1, final_vault]

Skill      XL: |  1  2  3  4  5  6  7  8 |
---------------+-------------------------+-----
Stealth        | 6 8 9 10 11 12 13 | 13.4
Spellcasting   | 3 4 5 6 7 8 9 |  9.3
Hexes          | 4 5 7 9 10 11 12 | 12.1
Fighting       | 1 3 4 5 |  5.1
Short Blades   | 3 5 6 7 |  7.1
Dodging        | 4 6 7 8 |  8.8

Action                   |  1- 3 |  4- 6 |  7- 9 || total
-------------------------+-------+-------+-------++-------
Melee: Dagger            |    50 |    15 |    26 ||    91
       Punch             |     2 |       |     1 ||     3
       Rapier            |       |       |     3 ||     3
Throw: Stone             |       |     1 |       ||     1
 Cast: Ensorcelled Hiber |     1 |     2 |     7 ||    10
       Confusing Touch   |       |       |     2 ||     2
  Use: Potion            |     3 |       |     8 ||    11
       Scroll            |       |       |     1 ||     1
 Stab: Sleeping          |     3 |     9 |     5 ||    17
       Invisible         |     4 |       |       ||     4
       Confused          |       |       |     3 ||     3
Armor: Robe              |    14 |       |     3 ||    17
Dodge: Dodged            |    75 |     4 |    41 ||   120
